 Dungeon Crawl Stone Soup version 0.28-a0-563-gf77a47075d (webtiles) character file.

Game seed: 9231600355063642201

548 Xenoglossy the Caller (level 7, -4/46 HPs)
             Began as a Barachi Summoner on Sept 30, 2021.
             Killed from afar by an orc wizard (10 damage)
             ... with a magic dart
             ... on level 6 of the Dungeon.
             The game lasted 00:19:04 (3892 turns).

Xenoglossy the Caller (Barachi Summoner)            Turns: 3892, Time: 00:19:04

Health: -4/46      AC:  4    Str: 10    XL:     7   Next: 28%
Magic:  5/14       EV: 12    Int: 17    God:
Gold:   144        SH:  0    Dex: 12    Spells: 8/16 levels left

rFire   . . .      SeeInvis .   (no weapon)
rCold   . . .      Faith    .   (no shield)
rNeg    . . .      Spirit   .   a - +0 robe
rPois   .          Reflect  .   c - +0 helmet
rElec   .          Harm     .   (no cloak)
rCorr   .          Rampage  .   (no gloves)
Will    .....                   g - +0 pair of boots
Stlth   ++........              (no amulet)
HPRegen 0.15/turn               (no ring)
MPRegen 0.14/turn               (no ring)

@: unable to hop, slow
A: amphibious, slowness 1, strong legs 1, +LOS
a: Hop


You were on level 6 of the Dungeon.
You visited 1 branch of the dungeon, and saw 5 of its levels.

You collected 144 gold pieces.

Inventory:

Missiles
 n - 19 poisoned darts
Armour
 a - a +0 robe (worn)
 c - a +0 helmet (worn)
 g - a +0 pair of boots (worn)
Jewellery
 o - a ring of fire
Scrolls
 b - 3 scrolls of teleportation
 d - a scroll of magic mapping {unknown}
 h - 4 scrolls of identify {unknown}
 i - a scroll of enchant armour {unknown}
 k - 3 scrolls of torment {unknown}
 q - a scroll of noise {unknown}
Potions
 e - a potion of magic {unknown}
 f - a potion of curing {unknown}
 j - 2 potions of mutation {unknown}
 l - 2 potions of invisibility {unknown}
 m - a potion of attraction {unknown}
 p - a potion of heal wounds {unknown}


   Skills:
 - Level 2.2 Dodging
 - Level 1.7 Stealth
 + Level 5.2 Spellcasting
 + Level 7.5 Summonings
 + Level 3.2 Air Magic


You had 8 spell levels left.
You knew the following spells:

 Your Spells              Type           Power      Damage    Failure   Level
a - Summon Small Mammal   Summ           100%       N/A       1%          1
b - Call Canine Familiar  Summ           30%        N/A       1%          3
c - Summon Lightning Spi  Summ/Air       22%        N/A       16%         4

Your spell library contained the following spells:

 Spells                   Type           Power      Damage    Failure   Level
 Call Imp                 Summ           30%        N/A       1%          2
 Summon Guardian Golem    Hex/Summ       17%        N/A       9%          3
 Gell's Gravitas          Tloc           2%         N/A       38%         3
 Lesser Beckoning         Tloc           4%         N/A       38%         3
 Teleport Other           Tloc           4%         N/A       38%         3


Dungeon Overview and Level Annotations

Branches:
Dungeon (4/15)
 Temple: D:4-7

Altars:

Shops:
D:1 ?


Innate Abilities, Weirdness & Mutations

You are amphibious.
You cover ground slowly.
You can hop short distances.
You have an extended range of vision and can be seen from far away.


Message History

Your hound dies!
Your hound's corpse disappears in a puff of smoke!
Casting: Summon Lightning Spire (quite dangerous; 16% risk of failure)
Confirm with . or Enter, or press ? or * to list all spells.
The spell is quite dangerous to cast (16% risk of failure)!
Continue anyway?
An electric hum fills the air.
A puff of flame appears from out of your range of vision.
The puff of flame hits your lightning spire.
Your lightning spire completely resists.
The orc hits your lightning spire but does no damage.
Your lightning spire shoots out a bolt of lightning at the orc warrior!
The bolt of electricity hits the orc warrior.
The orc warrior hits your lightning spire with a +0 flail!
The orc hits your lightning spire but does no damage.
The orc hits your lightning spire but does no damage.
Your lightning spire shoots out a bolt of lightning at the orc warrior!
The bolt of electricity hits the orc warrior!
The orc warrior hits your lightning spire with a +0 flail!
The orc barely misses your lightning spire.
The orc hits your lightning spire but does no damage.
The orc warrior hits your lightning spire with a +0 flail.
Your lightning spire is destroyed!
Your lightning spire disappears in a puff of smoke!
Your magical contamination has completely faded away.
There is a stone staircase leading down here.
The orc wizard mumbles some strange words.
The orc wizard flickers and vanishes!
The orc shouts!
The orc warrior throws a boomerang.
The boomerang hits you!
* * * LOW HITPOINT WARNING * * *
The orc warrior throws a boomerang.
The boomerang closely misses you.
Casting: Summon Lightning Spire (quite dangerous; 16% risk of failure)
Confirm with . or Enter, or press ? or * to list all spells.
Okay, then.
Hop to where?
Press: ? - help, Dir - move target, p - orc warrior Boing!
A magic dart appears from out of thin air!
The magic dart hits you!
You die...

############ .........>.#
##########.####### #
#............#
#####.####.#####h# ##....#
#.# #@# ##.#### #.# #☼# ##.#
#.# ##.###### # ##.# #.#
##...$...# .# ###
##.#######.#
#..>..##.##.#....
...........#
#..{#.#........##
.#.#######.#
#...#.......o..o.
.#.#######.###..o###...(....#
.....).....##..o#o###.##.#...


You could see an orc warrior, 2 orcs and a friendly hound (summoned).

Vanquished Creatures
  An adder skeleton (D:4)
  A dart slug (D:1)
  A hobgoblin (D:1)
3 creatures vanquished.

Vanquished Creatures (collateral kills)
  2 necrophages (D:4)
  An ogre (D:4)
  A scorpion (D:4)
  A water moccasin skeleton (D:6)
  A howler monkey zombie (D:4)
  4 gnolls (D:2)
  6 adders
  An orc (D:4)
  4 ball pythons
  9 bats
  11 endoplasms
  3 giant cockroaches
  5 goblins
  3 hobgoblins
  7 jackals
  5 quokkas
  4 frilled lizards
  3 kobolds
  2 rats
73 creatures vanquished.

Grand Total: 76 creatures vanquished

Notes
Turn   | Place    | Note
-------+----------+-------------------------------------------
     0 | D:1      | Xenoglossy the Barachi Summoner began the quest for the
                  | Orb.
     0 | D:1      | Reached XP level 1. HP: 13/13 MP: 3/3
     6 | D:1      | Noticed a water moccasin
     6 | D:1      | Noticed a komodo dragon
     7 | D:1      | Noticed a polar bear
     7 | D:1      | Noticed a redback
    62 | D:1      | Reached skill level 5 in Summonings
   170 | D:1      | Reached XP level 2. HP: 19/19 MP: 0/5
   317 | D:1      | Found a faded altar of an unknown god.
   892 | D:1      | Reached XP level 3. HP: 24/24 MP: 4/7
   936 | D:1      | Found Atawn's Magic Scroll Shoppe.
  1371 | D:2      | Reached XP level 4. HP: 30/30 MP: 2/8
  1563 | D:2      | Reached skill level 6 in Summonings
  1570 | D:2      | Learned a level 3 spell: Call Canine Familiar
  1834 | D:2      | You fall into a shaft and drop 2 floors!
  1834 | D:4      | Noticed a scorpion
  1853 | D:4      | Killed a scorpion
  1854 | D:4      | Reached XP level 5. HP: 14/35 MP: 3/11
  2041 | D:4      | Learned a level 4 spell: Summon Lightning Spire
  2042 | D:4      | Noticed an ogre
  2058 | D:4      | Killed an ogre
  2059 | D:4      | Reached skill level 1 in Air Magic
  2068 | D:4      | Reached XP level 6. HP: 41/41 MP: 8/12
  2117 | D:4      | Noticed a necrophage
  2124 | D:4      | Killed a necrophage
  2125 | D:4      | Reached skill level 7 in Summonings
  3310 | D:4      | Noticed a necrophage
  3334 | D:4      | Killed a necrophage
  3335 | D:4      | Reached skill level 5 in Spellcasting
  3335 | D:4      | Reached XP level 7. HP: 40/46 MP: 12/14
  3534 | D:4      | You fall into a shaft and drop 2 floors!
  3892 | D:6      | Killed from afar by an orc wizard

Illustrated notes

Levels and vault maps discovered:
D:1:      onia_arrival_zoo_common, layout_basic, serial_shops,
          nicolae_shop_behind_doors, hellmonk_ecumenical_altar_heavens_door,
          minmay_pentomino_r4
D:2:      layout_loops_ring
D:3:      layout_basic
D:4:      layout_loops_ring, kennysheep_minor_cross
D:6:      layout_loops_ring, minmay_misc_feat_iff, kennysheep_decorative_pillar,
          kennysheep_generic_room_16, uniq_crazy_yiuf_cottage

Skill      XL: |  1  2  3  4  5  6  7 |
---------------+----------------------+-----
Summonings     | 5 6 7 |  7.5
Spellcasting   | 3 4 5 |  5.2
Air Magic      | 1 2 3 |  3.2
Dodging        | |  2.2
Stealth        | |  1.7

Action                   |  1- 3 |  4- 6 |  7- 9 || total
-------------------------+-------+-------+-------++-------
Melee: Unarmed           |    14 |     1 |    29 ||    44
 Cast: Summon Small Mamm |    55 |    29 |     2 ||    86
       Call Canine Famil |       |    18 |     4 ||    22
       Summon Lightning  |       |       |     2 ||     2
 Abil: Hop               |       |     3 |     2 ||     5
  Use: Scroll            |       |       |     1 ||     1
 Stab: Distracted        |     1 |       |       ||     1
Armor: Robe              |    13 |     7 |     9 ||    29
Dodge: Dodged            |    43 |    17 |    19 ||    79

Table legend: (Time is in decaauts)
 A = Elapsed time spent in this place.
 B = Non-inter-level travel time spent in this place.
 C = Inter-level travel time spent in this place.
 D = Time resting spent in this place.
 E = Time spent auto-exploring this place.
 F = Levels seen in this place.
 G = Mean time per level.
                   A        B        C        D        E       F      G
               +--------+--------+--------+--------+--------+-----+--------+
         Total |   4317 |   4239 |     78 |    549 |   2548 |   5 |  863.4 |
       Dungeon |   4317 |   4239 |     78 |    549 |   2548 |   5 |  863.4 |
               +--------+--------+--------+--------+--------+-----+--------+

Top non-repeatable levels by time:
     D:2: 1400 daAuts
     D:1: 1218 daAuts
     D:4: 713 daAuts
     D:3: 608 daAuts
     D:6: 377 daAuts
